 Dungeon Crawl Stone Soup version 0.23-a0-703-gdf2d5e0dd9 (webtiles) character file.

142 EnegeticOcto the Sneak (level 5, 0/50 HPs)
             Began as a Deep Dwarf Wanderer on Jan 14, 2019.
             Slain by Crazy Yiuf
             ... wielding a +2 quarterstaff of chaos
              (3 damage)
             ... on level 2 of the Dungeon.
             The game lasted 00:03:36 (1750 turns).

EnegeticOcto the Sneak (Deep Dwarf Wanderer)        Turns: 1750, Time: 00:03:36

Health: 0/50       AC: 10    Str: 14    XL:     5   Next: 4%
Magic:  5/5        EV:  5    Int: 11    God:
Gold:   75         SH:  0    Dex: 11    Spells: 4/4 levels left

rFire    . . .     SeeInvis .   a - +2 dagger
rCold    . . .     Gourm    .   (no shield)
rNeg     . . .     Faith    .   n - +0 chain mail
rPois    .         Spirit   .   r - +0 helmet
rElec    .         Reflect  .   c - +0 cloak
rCorr    +         Harm     .   (no gloves)
MR       .....                  (no boots)
Stlth    ..........             m - amulet of magic regeneration
HPRegen  0.00/turn              s - ring of resist corrosion
MPRegen  0.34/turn              u - -5 ring of intelligence (curse)

@: non-regenerating, drained
A: damage resistance, heal wounds, sense surroundings 1, no regeneration
a: Heal Wounds


You were on level 2 of the Dungeon.
You were hungry.

You visited 1 branch of the dungeon, and saw 2 of its levels.

You collected 75 gold pieces.

Inventory:

Hand Weapons
 a - a +2 dagger (weapon)
 q - a +0 hand axe
Armour
 c - a +0 cloak (worn)
 n - a +0 chain mail (worn)
 r - a +0 helmet (worn)
Jewellery
 m - an amulet of magic regeneration (around neck)
 s - a ring of resist corrosion (left hand)
 u - a cursed -5 ring of intelligence (right hand)
Scrolls
 e - a scroll of amnesia {unknown}
 g - a scroll of immolation {unknown}
 h - 3 scrolls of identify {unknown}
 i - a scroll of remove curse {unknown}
 j - a scroll of enchant weapon {unknown}
 l - 2 scrolls of teleportation {unknown}
Potions
 b - a potion of haste {@q4 !q}
 d - 2 potions of lignification {@q6 !q}
 k - a potion of might {unknown}
 o - a potion of berserk rage {unknown}
 p - 2 potions of curing {unknown}
 t - 2 potions of brilliance {unknown}
 v - a potion of ambrosia {unknown}
 x - a potion of agility {unknown}
Comestibles
 f - 2 rations


   Skills:
 + Level 3.6(3.4) Fighting
 + Level 2.8(2.6) Axes
   Level 3.6(3.3) Staves
 - Level 4.8(4.5) Stealth
   Level 1.3(1.1) Evocations


You had 4 spell levels left.
You didn't know any spells.
Your spell library was empty.

Dungeon Overview and Level Annotations

Branches:
Dungeon (2/15)

Altars:
Trog

Annotations:
D:2 Crazy Yiuf


Innate Abilities, Weirdness & Mutations

You are resistant to damage.
You can heal yourself by infusing magical energy.
You passively map a small area around you.
You do not regenerate.


Message History

You hit Crazy Yiuf but do no damage.
Crazy Yiuf hits you with a +2 quarterstaff of chaos.
You are electrocuted!
* * * LOW HITPOINT WARNING * * *
You hit Crazy Yiuf but do no damage.
Crazy Yiuf cries, "You leg down broken song, no?"
Crazy Yiuf hits you with a +2 quarterstaff of chaos!
* * * LOW HITPOINT WARNING * * *
Crazy Yiuf freezes you.
* * * LOW HITPOINT WARNING * * *
You closely miss Crazy Yiuf.
Crazy Yiuf hits you with a +2 quarterstaff of chaos.
You feel drained.
Your chain mail prevents you from hitting Crazy Yiuf.
Crazy Yiuf hits you with a +2 quarterstaff of chaos.
* * * LOW HITPOINT WARNING * * *
You closely miss Crazy Yiuf.
Crazy Yiuf says, "Gnoll verde senile!"
Crazy Yiuf hits you with a +2 quarterstaff of chaos.
You die...

#.# #....#
#####.......
#.# #....#
#...........
#.# ##...#
#...........
#_# ##.##
#...........
#.# ##.#
#...........
#.# #.##
#...........
#.# ##.#
#...........
#.# #.##
#...........
#.# *#@#*
#....#...###
#.# #.g.#
#....#...# #
#.# #...#
######...# #
#.# #)..#
#.# #...# #
#.# #####
#.####...###
#.#
#.#.........
#.#
#.#.##...###
#.#
#........#
#.#
#........#


You could see Crazy Yiuf.

Vanquished Creatures
  Natasha (thrice) (D:2)
  Robin (D:2)
  An adder (D:2)
  2 oozes
  A leopard gecko (D:2)
  4 bats
  A giant cockroach (D:1)
  10 goblins
  8 hobgoblins
  A frilled lizard (D:1)
  5 kobolds
  2 rats
39 creatures vanquished.

Notes
Turn   | Place    | Note
-------+----------+-------------------------------------------
     0 | D:1      | EnegeticOcto the Deep Dwarf Wanderer began the quest for
                  | the Orb.
     0 | D:1      | EnegeticOcto set off with the following items: a +2 dagger,
                  | a potion of haste {@q4 !q}, a +0 falchion, a potion of
                  | lignification {@q6 !q}, a +0 robe, a ration
     0 | D:1      | Reached XP level 1. HP: 18/18 MP: 2/2
   255 | D:1      | Reached XP level 2. HP: 21/26 MP: 3/3
   746 | D:2      | Noticed Natasha
   758 | D:2      | Reached XP level 3. HP: 17/33 MP: 4/4
   770 | D:2      | Killed Natasha
   770 | D:2      | Reached skill level 1 in Axes
   828 | D:2      | Noticed Natasha
   854 | D:2      | Killed Natasha
   854 | D:2      | Reached XP level 4. HP: 10/42 MP: 4/4
   911 | D:2      | Noticed Natasha
   925 | D:2      | HP: 1/42 [Natasha/magic dart (6)]
   926 | D:2      | Killed Natasha
  1002 | D:2      | Found a bloodstained altar of Trog.
  1182 | D:2      | Found a runed door.
  1320 | D:2      | Noticed Robin
  1361 | D:2      | Killed Robin
  1423 | D:2      | Reached XP level 5. HP: 19/49 MP: 5/5
  1742 | D:2      | Noticed Crazy Yiuf
  1750 | D:2      | Slain by Crazy Yiuf

Vault maps used:
D:1:      sevenhm_arrival_forest_fort_small_6, minivault_14, hex_medium
D:2:      overflow_temple_1_default, uniq_robin, uniq_natasha,
          uniq_crazy_yiuf_cottage

Skill      XL: |  1  2  3 |
---------------+----------+-----
Fighting       | 2 3 |  3.6
Axes           | 2 |  2.8
Staves         | |  3.6
Stealth        | |  4.8
Evocations     | |  1.3

Action                   |  1- 3 |  4- 6 || total
-------------------------+-------+-------++-------
Melee: Dagger            |    91 |    89 ||   180
 Abil: Heal Wounds       |     1 |     2 ||     3
 Stab: Sleeping          |     7 |       ||     7
  Eat: Chunk             |       |     2 ||     2
Armor: Chain mail        |    43 |    52 ||    95
       Robe              |     1 |       ||     1
Dodge: Dodged            |    23 |    15 ||    38

Table legend:
 A = Non-vault XP
 B = Vault XP
 C = Vault XP percentage of total XP
 D = Non-vault monster count
 E = Vault monster count
 F = Vault count percentage of total count
                 A         B        C        D         E       F
            +---------+---------+-------+---------+---------+-------
      Total |     133 |      71 |  34.8 |      27 |      12 |  30.8
            +---------+---------+-------+---------+---------+-------
        D:1 |      34 |       0 |   0.0 |      17 |       0 |   0.0
        D:2 |      99 |      71 |  41.8 |      10 |      12 |  54.5
            +---------+---------+-------+---------+---------+-------
